cohdb
Replays
Latest Replays
All Replays
Popular Replays
Top Player Replays
Match Explorer
How It Works
Community
CoH3 Stats
Reddit
Sign in to upload your games and track your stats! →
Sign in with Steam
Match 41283745
Unlisted
Match 41283745
Overview
Messages
Build Orders
End
Royal Engineer Section
Construct Section Command Post
Selects Canadian Shock Battlegroup
Selects Canadian Shock Battlegroup
Infantry Section
Infantry Section
Grenade Package
Selects Attacking Spirit
Selects Canadian Shock Section
Construct Platoon Command Post
Selects Incendiary Munitions
Humber Armored Car
Canadian Shock Section
Selects Pyrotechnics
Infantry Training
Vickers Machine Gun Team
BIOHAZARD
[LoB]Fagio
jonafrag
sympTom
0
0
Comments
sign in to comment!
No comments posted yet!